 Dungeon Crawl Stone Soup version 0.17-a0-1446-gc28613e (webtiles) character file.

3369 ztt the Protected (level 9, 0/83 HPs)
             Began as a Minotaur Fighter on June 28, 2015.
             Was an Initiate of Okawaru.
             Splashed by an oklob sapling's acid (8 damage)
             ... on level 9 of the Dungeon.
             The game lasted 00:11:21 (6740 turns).

ztt the Protected (Minotaur Fighter)                Turns: 6740, Time: 00:11:23

Health: 0/83       AC: 10    Str: 23    XL:     9   Next: 73%
Magic:  8/8        EV: 11    Int:  5    God:    Okawaru [......]
Gold:   322        SH: 10    Dex: 11    Spells: 0 memorised, 8 levels left

rFire  . . .     SeeInvis .     a - +1 war axe
rCold  . . .     Clarity  .     b - +0 scale mail
rNeg   . . .     SustAt   .     c - +0 shield
rPois  .         Gourm    .     (helmet restricted)
rElec  .         Spirit   .     t - +0 cloak
rCorr  .         Warding  .     h - +0 pair of gloves
rMut   .         Stasis   .     f - +1 pair of boots
MR     .....                    (no amulet)
Stlth  ..........               v - ring of wizardry
                                (no ring)

@: about to teleport, corroded equipment, not resistant to hostile enchantments,
extremely unstealthy
A: retaliatory headbutt, horns 2
a: Renounce Religion


You were on level 9 of the Dungeon.
You worshipped Okawaru.
Okawaru was noncommittal.
You were hungry.

You visited 2 branches of the dungeon, and saw 10 of its levels.

You collected 322 gold pieces.

Inventory:

Hand weapons
 a - a +1 war axe (weapon)
Armour
 b - a +0 scale mail (worn)
 c - a +0 shield (worn)
 f - a +1 pair of boots (worn)
 h - a +0 pair of gloves (worn)
 t - a +0 cloak (worn)
Jewellery
 o - an uncursed ring of teleportation
 v - a ring of wizardry (right hand)
Magical devices
 p - a wand of slowing (41)
 s - a wand of slowing (5)
 F - a wand of cold (2)
Scrolls
 d - a scroll of enchant weapon
 w - 2 scrolls of teleportation
 x - 4 scrolls of remove curse
 E - a scroll of recharging
Potions
 g - 2 potions of magic
 i - 2 potions of haste
 j - 5 potions of curing
 k - a potion of flight
 l - 2 potions of might
 n - a potion of brilliance
 q - a potion of agility
 B - 2 potions of poison {unknown}
Comestibles
 e - 5 bread rations
 m - 2 meat rations
 u - 11 fruits
 A - 2 beef jerkies
 D - a slice of pizza


   Skills:
 + Level 9.3 Fighting
 + Level 9.7 Axes
   Level 6.0 Crossbows
 + Level 10.0 Armour
 + Level 7.7 Dodging
 - Level 0.1 Stealth
 - Level 5.5 Shields


You had 8 spell levels left.
You didn't know any spells.

Dungeon Overview and Level Annotations

Branches:
Dungeon (9/15)             Temple (1/1) D:7
   Lair: D:8-11         Orc: D:9-12

Altars:
Ashenzari
Cheibriados
Dithmenos
Elyvilon
Fedhas
Gozag
Kikubaaqudgha
Makhleb
Nemelex Xobeh
Okawaru
Qazlal
Ru
Sif Muna
Trog
Vehumet
Xom
Yredelemnul
Zin
The Shining One

Annotations:
D:9 exclusion: 2 oklob saplings


Innate Abilities, Weirdness & Mutations

You reflexively headbutt those who attack you in melee.
You have a pair of horns on your head.


Message History

The oklob sapling spits acid at you. The splash of acid hits you!
The acid burns!
Found 4 fruits.
The oklob sapling spits acid at you. The splash of acid hits you!
The acid burns!
You see here 2 fruits.
You slash the oklob sapling!
The oklob sapling is heavily damaged.
The oklob sapling spits acid at you. The splash of acid hits you!
The acid burns!
* * * LOW HITPOINT WARNING * * *
You are too injured to fight recklessly!
Read which item? (? for menu, Esc to quit)
As you read the scroll of teleportation, it crumbles to dust.
You feel strangely unstable. The oklob sapling spits acid at you.
The splash of acid hits you!
* * * LOW HITPOINT WARNING * * *
The acid burns!
You die...

♣♣♣ ♣♣♣♣♣♣♣.♣♣
♣♣%.P♣♣.♣.♣########
♣%_%♣ ♣.♣.♣.......
♣.@.♣♣♣.♣.♣.....#
♣P♣..♣.♣♣.♣.....#
♣♣♣♣♣.♣.♣♣......+
♣♣.♣♣♣♣.....#
###+♣♣♣♣♣♣♣♣♣♣......#
#...##..##.....##+###
#...†....'.....#
+...)....#.....+
#........#.....#


You could see 2 oklob saplings.

Vanquished Creatures
  A necrophage (D:8)
  4 wandering mushrooms (D:9)
  An orc warrior (D:8)
  3 centaurs
  4 ogres
  3 giant frogs
  3 killer bees (D:7)
  A giant frog zombie (D:6)
  5 crimson imps
  2 centaur zombies
  A centaur skeleton (D:7)
  3 orc priests
  2 giant frog skeletons
  3 orc wizards (D:5)
  5 hounds
  An iguana (D:4)
  4 worker ants
  A hound zombie (D:5)
  2 hound skeletons
  8 adders
  2 shadow imps
  2 adder zombies
  An ooze (D:6)
  2 worms
  An adder skeleton (D:7)
  19 orcs
  5 bats
  7 giant cockroaches
  24 goblins
  17 hobgoblins
  7 jackals
  11 kobolds
  3 quokkas
  3 ball pythons
  5 giant geckos
  A giant gecko zombie (D:7)
  2 giant newts (D:1)
  A quokka skeleton (D:7)
  14 rats
184 creatures vanquished.

Notes
Turn   | Place    | Note
--------------------------------------------------------------
     0 | D:1      | ztt the Minotaur Fighter began the quest for the Orb.
     0 | D:1      | Reached XP level 1. HP: 19/19 MP: 0/0
   311 | D:1      | Reached XP level 2. HP: 25/27 MP: 1/1
   319 | D:1      | Reached skill level 4 in Shields
   613 | D:1      | Found a sparkling altar of Nemelex Xobeh.
   744 | D:1      | You fall through a shaft!
   816 | D:2      | Reached XP level 3. HP: 33/33 MP: 2/2
  1168 | D:2      | Reached skill level 1 in Dodging
  1481 | D:3      | Reached XP level 4. HP: 36/40 MP: 3/3
  1497 | D:3      | Found a bloodstained altar of Trog.
  1979 | D:3      | Found a sacrificial altar of Ru.
  2820 | D:4      | Reached XP level 5. HP: 47/47 MP: 4/4
  2835 | D:4      | Noticed an ogre
  3134 | D:4      | Killed an ogre
  3134 | D:4      | Reached skill level 5 in Armour
  3134 | D:4      | Reached skill level 5 in Shields
  3153 | D:4      | Found a stormy altar of Qazlal.
  3153 | D:4      | You fall through a shaft for 2 floors!
  3188 | D:6      | Noticed a centaur
  3199 | D:6      | Killed a centaur
  3199 | D:6      | Reached XP level 6. HP: 45/53 MP: 5/5
  3327 | D:6      | Noticed a centaur
  3334 | D:6      | Killed a centaur
  3709 | D:5      | Entered Level 5 of the Dungeon
  3745 | D:5      | Reached skill level 5 in Fighting
  3745 | D:5      | Reached skill level 6 in Armour
  3745 | D:5      | Reached XP level 7. HP: 59/61 MP: 6/6
  3795 | D:5      | Reached skill level 8 in Fighting
  3795 | D:5      | Reached skill level 9 in Armour
  3795 | D:5      | Reached XP level 8. HP: 66/75 MP: 7/7
  4091 | D:5      | Found a basalt altar of Yredelemnul.
  4261 | D:4      | Found a shimmering altar of Xom.
  4262 | D:4      | Found a radiant altar of Vehumet.
  5373 | D:7      | Reached XP level 9. HP: 63/82 MP: 8/8
  5661 | D:7      | Found a staircase to the Ecumenical Temple.
  5672 | Temple   | Entered the Ecumenical Temple
  5766 | Temple   | Became a worshipper of Warmaster Okawaru
  5856 | D:7      | Found a shattered altar of Ashenzari.
  6727 | D:9      | Reached skill level 10 in Armour
  6728 | D:9      | Found a blossoming altar of Fedhas.
  6740 | D:9      | Splashed by an oklob sapling's acid

Vault maps used:
D:1:      dpeg_arrival_short_road, serial_corexii_hall, corexii_hall_statues_i,
          corexii_hall_statues_l, corexii_hall_statues_t,
          kennysheep_minor_cross, minmay_crystal_room,
          nemelex_diamond_rough_becter
D:2:      wad_lake_hut
D:3:      forest_paths, nicolae_overflow_crystal_walls,
          nicolae_ru_path_of_blood, first_bread, minmay_misc_feat_chi,
          hangedman_decor_push, minmay_misc_feat_nine_boxes
D:4:      gammafunk_temple_overflow_statue, nicolae_ossuary_entry_plus,
          grunt_qazlal_sundering
D:5:      lemuel_coloured_pillars_altar
D:7:      kennysheep_mini, temple_statues
D:9:      kennysheep_big_flooded_room, hangedman_tree_tricks, st_stairs_8,
          uniq_erolcha, uniq_prince_ribbit1
Temple:   circular_temple_12

Action                   |  1- 3 |  4- 6 |  7- 9 || total
-------------------------+-------+-------+-------++-------
Melee: War axe           |    91 |   146 |   264 ||   501
  Use: Scroll            |     4 |     3 |    15 ||    22
       Potion            |       |     1 |     1 ||     2
  Eat: Chunk             |     1 |     6 |     5 ||    12
       Beef jerky        |       |     1 |       ||     1
       Meat ration       |       |       |     1 ||     1
